 Dungeon Crawl Stone Soup version 0.28-a0-706-gf6f64a616a (webtiles) character file.

Game seed: 3783180652716521943

4477 frimble the Skirmisher (level 10, 0/79 HPs)
             Began as a Demonspawn Fire Elementalist on Oct 24, 2021.
             Slain by a komodo dragon (12 damage)
             ... on level 9 of the Dungeon.
             The game lasted 00:12:56 (8528 turns).

frimble the Skirmisher (DsFE)                       Turns: 8528, Time: 00:12:57

Health: 0/79       AC: 12    Str: 16    XL:     10   Next: 15%
Magic:  12/17      EV: 13    Int: 19    God:
Gold:   365        SH:  0    Dex: 13    Spells: 14/18 levels left

rFire   . . .      SeeInvis .   x - +2 short sword (elec)
rCold   . . .      Faith    .   (no shield)
rNeg    . . .      Spirit   .   w - +0 steam dragon scales
rPois   .          Reflect  .   b - +1 helmet
rElec   .          Harm     .   (no cloak)
rCorr   .          Rampage  .   D - +0 pair of gloves
Will    .....                   C - +0 pair of boots
Stlth   ++........              h - amulet of regeneration
HPRegen 1.23/turn               j - +6 ring of strength
MPRegen 0.30/turn               (no ring)

@: no status effects
A: thin metallic scales 2, demonic guardian 3, magic regeneration, corrupting
presence 1
a: no special abilities


You were on level 9 of the Dungeon.
You visited 2 branches of the dungeon, and saw 10 of its levels.

You collected 365 gold pieces.

Inventory:

Hand Weapons
 l - a +5 dagger
 x - a +2 short sword of electrocution (weapon)
Missiles
 f - 2 throwing nets
Armour
 b - a +1 helmet (worn)
 w - +0 steam dragon scales (worn)
 C - a +0 pair of boots (worn)
 D - a +0 pair of gloves (worn)
Jewellery
 h - an amulet of regeneration (around neck)
 j - a +6 ring of strength (left hand)
 p - a ring of fire
 y - a ring of protection from cold
 E - an amulet of reflection
Wands
 a - a wand of flame (20)
 m - a wand of paralysis (15)
 v - a wand of iceblast (7)
 z - a wand of polymorph (10)
 A - a wand of acid (8)
Scrolls
 c - 2 scrolls of magic mapping
 d - 3 scrolls of blinking {unknown}
 n - 2 scrolls of enchant weapon
 r - 4 scrolls of teleportation
 s - 2 scrolls of enchant armour
 u - 4 scrolls of identify
 B - 2 scrolls of fear
 F - a scroll of torment {unknown}
Potions
 e - a potion of heal wounds
 g - a potion of attraction {unknown}
 i - a potion of might {unknown}
 k - a potion of cancellation {unknown}
 o - a potion of ambrosia {unknown}
 q - 3 potions of curing
 t - 2 potions of flight {unknown}


   Skills:
 + Level 7.0 Fighting
 + Level 6.3 Short Blades
 - Level 4.0 Dodging
 - Level 1.7 Stealth
 + Level 4.8 Spellcasting
 + Level 5.8 Conjurations
 + Level 5.5 Fire Magic
 - Level 4.0 Evocations


You had 14 spell levels left.
You knew the following spells:

 Your Spells              Type           Power      Damage    Failure   Level
a - Foxfire               Conj/Fire      100%       2x1d9     1%          1
b - Inner Flame           Hex/Fire       15%        N/A       12%         3

Your spell library contained the following spells:

 Spells                   Type           Power      Damage    Failure   Level
 Scorch                   Fire           50%        2d8       1%          2
 Conjure Flame            Conj/Fire      26%        6-21      3%          3
 Stone Arrow              Conj/Erth      30%        3d8       12%         3
 Flame Wave               Conj/Fire      26%        3d6       12%         4
 Sandblast                Erth           8%         2d5       13%         1
 Summon Small Mammal      Summ           16%        N/A       13%         1
 Passwall                 Tmut/Erth      3%         N/A       19%         2
 Slow                     Hex            4%         N/A       19%         2
 Call Canine Familiar     Summ           4%         N/A       36%         3
 Confusing Touch          Hex            4%         N/A       36%         3
 Summon Guardian Golem    Hex/Summ       4%         N/A       36%         3
 Vampiric Draining        Necr           2%         2d6       36%         3


Dungeon Overview and Level Annotations

Branches:
Dungeon (9/15)             Temple (1/1) D:5            Lair (0/6) D:9
    Orc: D:9-12

Altars:
Ashenzari
Cheibriados
Dithmenos
Elyvilon
Gozag
Hepliaklqana
Kikubaaqudgha
Makhleb
Nemelex Xobeh
Okawaru
Qazlal
Ru
Sif Muna
Trog
Uskayaw
Vehumet
Wu Jian
Xom
Yredelemnul
Zin
The Shining One

Annotations:
D:2 Sigmund


Innate Abilities, Weirdness & Mutations

You are mostly covered in thin metallic scales. (AC +3)
A powerful demonic guardian rushes to your aid.
You regenerate magic rapidly.
Your presence sometimes corrodes those you injure.


Message History

Confirm with . or Enter, or press ? or * to list all spells.
You conjure some foxfire!
The foxfire hits the komodo dragon but does no damage.
The komodo dragon is lightly wounded.
The foxfire hits the komodo dragon but does no damage.
The komodo dragon is lightly wounded.
The komodo dragon bites you!
The black bear bites you but does no damage.
The black bear barely misses you.
The black bear claws you but does no damage.
Casting: Foxfire (safe; 1% risk of failure)
Confirm with . or Enter, or press ? or * to list all spells.
You conjure some foxfire!
The foxfire hits the komodo dragon.
The komodo dragon is moderately wounded.
The foxfire hits the komodo dragon.
The komodo dragon is moderately wounded.
The komodo dragon bites you! The black bear barely misses you.
The black bear claws you but does no damage. x2
Casting: Foxfire (safe; 1% risk of failure)
Confirm with . or Enter, or press ? or * to list all spells.
You conjure some foxfire!
The foxfire hits the komodo dragon but does no damage.
The komodo dragon is moderately wounded.
The foxfire hits the komodo dragon.
The komodo dragon is moderately wounded.
Something hits the plant.
The plant begins to die.
The komodo dragon bites you!!
* * * LOW HITPOINT WARNING * * *
A demonic guardian appears!
The black bear closely misses you.
The black bear claws you but does no damage.
The black bear closely misses you.
Casting: Foxfire (safe; 1% risk of failure)
Confirm with . or Enter, or press ? or * to list all spells.
You conjure some foxfire!
The foxfire hits the komodo dragon!
Your corrupting presence corrodes the komodo dragon!
The komodo dragon is heavily wounded.
The foxfire hits the black bear!
The black bear is moderately wounded.
The komodo dragon bites you!
You die...

..# #..#....... ..#
#..#......... ..#
#..#......... ..#
#..#.........
..###########..#.........
...............#P..P.....
######.....†...#..P..P..P
.....#.........§.hPP.PP..
.....#.........2@l†.P..P.
.....#...#####.vvPP..PP$P
.....#...# #..PPP..P.PP
.....##..# ...P.PP...PPP
......#..#.....PPP..PP.P.
(.....#..#...P.PPPPP..P..
......#..#.....P.PPP>P.PP
#..)..#..#+##.PPP.PP.PPPP
#####'#...†.>..P


You could see a komodo dragon (corroded, ally target), a black bear and a
friendly reaper (summoned).

Vanquished Creatures
  Joseph (D:8)
  Maggie (D:6)
  Grinder (D:4)
  2 yaks (D:7)
  Eustachio (D:6)
  Menkaure (D:4)
  3 water moccasins
  2 necrophages
  A black bear (D:9)
  3 ogres
  4 centaurs
  Blork the orc (D:4)
  4 scorpions
  A water moccasin zombie (D:5)
  A howler monkey (D:4)
  3 bullfrog zombies
  2 hounds
  A jelly (D:7)
  A gnoll shaman (D:6)
  2 orc priests
  A bullfrog skeleton (D:3)
  3 centaur skeletons
  2 orc wizards (Temple)
  3 iguanas
  A scorpion zombie (D:5)
  A killer bee zombie (D:8)
  A hound skeleton (D:5)
  Robin (D:3)
  A howler monkey zombie (D:5)
  A howler monkey skeleton (D:5)
  10 gnolls
  6 adders
  2 adder skeletons (D:4)
  5 worms
  4 dart slugs
  24 orcs
  2 bats
  2 endoplasms
  A giant cockroach (D:1)
  6 hobgoblins
  7 jackals
  9 kobolds
  6 quokkas
  7 ball pythons
  17 goblins
  3 rats
162 creatures vanquished.

Vanquished Creatures (collateral kills)
  A wyvern (D:8)
  3 yaks (D:8)
  A bullfrog (D:8)
  A gnoll shaman (Temple)
  3 gnolls
  An adder (D:2)
  A ball python (D:1)
  A kobold (D:4)
  A rat (D:3)
13 creatures vanquished.

Vanquished Creatures (others)
  506 foxfires
  4 fungi (D:9)
  4 plants (D:9)
514 creatures vanquished.

Grand Total: 689 creatures vanquished

Notes
Turn   | Place    | Note
-------+----------+-------------------------------------------
     0 | D:1      | frimble the Demonspawn Fire Elementalist began the quest
                  | for the Orb.
     0 | D:1      | Reached XP level 1. HP: 13/13 MP: 3/3
   656 | D:1      | Found a faded altar of an unknown god.
   808 | D:1      | Gained mutation: A weak demonic guardian rushes to your
                  | aid. [demonic ancestry]
   808 | D:1      | Reached XP level 2. HP: 19/19 MP: 0/5
  1796 | D:2      | Noticed Sigmund
  2447 | D:2      | Gained mutation: You are partially covered in thin metallic
                  | scales. (AC +2) [demonic ancestry]
  2447 | D:2      | Reached XP level 3. HP: 24/24 MP: 0/6
  3272 | D:3      | Reached XP level 4. HP: 21/31 MP: 0/7
  3398 | D:3      | Noticed Robin
  3455 | D:3      | Killed Robin
  3456 | D:3      | Reached skill level 1 in Fighting
  3456 | D:3      | Reached skill level 1 in Short Blades
  3625 | D:3      | Found a sparkling altar of Nemelex Xobeh.
  3808 | D:4      | Gained mutation: You regenerate magic rapidly. [demonic
                  | ancestry]
  3808 | D:4      | Reached XP level 5. HP: 31/37 MP: 4/8
  4016 | D:4      | Found an ancient bone altar of Kikubaaqudgha.
  4157 | D:4      | Reached skill level 2 in Fighting
  4157 | D:4      | Noticed Menkaure
  4157 | D:4      | Noticed a necrophage
  4180 | D:4      | Killed a necrophage
  4181 | D:4      | Gained mutation: A demonic guardian rushes to your aid.
                  | [demonic ancestry]
  4181 | D:4      | Reached XP level 6. HP: 12/46 MP: 1/9
  4181 | D:4      | Killed Menkaure
  4182 | D:4      | Reached skill level 3 in Fighting
  4245 | D:4      | Noticed Grinder
  4249 | D:4      | Killed Grinder
  4250 | D:4      | Reached skill level 4 in Fighting
  4250 | D:4      | Gained mutation: You are mostly covered in thin metallic
                  | scales. (AC +3) [demonic ancestry]
  4250 | D:4      | Reached XP level 7. HP: 54/54 MP: 10/10
  4405 | D:4      | Reached skill level 1 in Evocations
  4602 | D:4      | Learned a level 3 spell: Inner Flame
  4739 | D:4      | You fall into a shaft and drop 2 floors!
  4748 | D:5      | Entered Level 5 of the Dungeon
  4865 | D:5      | Gained mutation: A powerful demonic guardian rushes to your
                  | aid. [demonic ancestry]
  4865 | D:5      | Reached XP level 8. HP: 52/61 MP: 12/12
  5055 | D:5      | Found a staircase to the Ecumenical Temple.
  5097 | Temple   | Entered the Ecumenical Temple
  5379 | Temple   | Reached skill level 5 in Fighting
  6063 | D:4      | Noticed Blork the orc
  6075 | D:4      | Killed Blork the orc
  6076 | D:4      | Reached skill level 5 in Short Blades
  6657 | D:6      | Noticed Eustachio
  6667 | D:6      | Killed Eustachio
  6668 | D:6      | Gained mutation: Your presence sometimes corrodes those you
                  | injure. [demonic ancestry]
  6668 | D:6      | Reached XP level 9. HP: 69/69 MP: 4/13
  6863 | D:6      | Noticed Maggie
  7034 | D:6      | Killed Maggie
  7102 | D:6      | Found a stormy altar of Qazlal.
  7104 | D:6      | Found a hide-covered altar of Uskayaw.
  7435 | D:7      | Reached skill level 6 in Fighting
  7788 | D:8      | Reached skill level 5 in Conjurations
  7790 | D:8      | Reached skill level 5 in Fire Magic
  8116 | D:8      | Noticed Joseph
  8131 | D:8      | Killed Joseph
  8132 | D:8      | Reached XP level 10. HP: 77/77 MP: 16/16
  8512 | D:9      | Found a staircase to the Lair.
  8520 | D:9      | Reached skill level 7 in Fighting
  8528 | D:9      | Slain by a komodo dragon

Illustrated notes

Levels and vault maps discovered:
D:1:      minmay_arrival_five_plusses, layout_basic,
          hellmonk_ecumenical_altar_blasted
D:2:      layout_basic, uniq_sigmund
D:3:      layout_rooms, nemelex_diamond_rough_becter, uniq_robin
D:4:      minmay_recursive_quarters, layout_basic, old_standard_altar,
          sigmund_army, uniq_menkaure, uniq_blork_the_orc, uniq_grinder
D:5:      layout_loops_cross, minmay_temple_entry_grid
D:6:      cheibrodos_quashed, layout_rooms, nicolae_overflow_hidden_temple,
          dk_rats_in_the_wall, uniq_maggie, uniq_eustachio
D:7:      layout_basic
D:8:      layout_rooms, minmay_misc_feat_diagonals, uniq_joseph
D:9:      layout_irregular_city, due_lair_maze_entry_diamond
Temple:   minmay_crystal_spiral_temple

Skill      XL: |  1  2  3  4  5  6  7  8  9 10 |
---------------+-------------------------------+-----
Conjurations   | 2 3 4 5 |  5.8
Fighting       | 1 2 4 5 6 7 |  7.0
Short Blades   | 1 2 3 4 5 6 |  6.3
Fire Magic     | 3 4 5 |  5.5
Dodging        | 2 4 |  4.0
Evocations     | 1 3 4 |  4.0
Spellcasting   | 3 4 |  4.8
Stealth        | |  1.7

Action                   |  1- 3 |  4- 6 |  7- 9 | 10-12 || total
-------------------------+-------+-------+-------+-------++-------
Melee: Unarmed           |    86 |       |       |       ||    86
       Dagger            |     6 |    84 |   202 |       ||   292
       Short sword       |       |       |    49 |    13 ||    62
 Cast: Foxfire           |    68 |    40 |   162 |    17 ||   287
       Inner Flame       |       |       |     1 |       ||     1
Evoke: Wand              |       |     1 |       |       ||     1
  Use: Scroll            |     5 |     1 |     4 |       ||    10
       Potion            |       |     4 |     1 |       ||     5
 Stab: Sleeping          |     1 |     1 |     4 |       ||     6
       Paralysed         |       |     3 |       |       ||     3
Armor: Robe              |    32 |    17 |    70 |       ||   119
       Skin              |       |    19 |       |       ||    19
       Steam dragon scal |       |       |    17 |     9 ||    26
Dodge: Dodged            |    60 |    58 |   204 |    16 ||   338

Table legend: (Time is in decaauts)
 A = Elapsed time spent in this place.
 B = Non-inter-level travel time spent in this place.
 C = Inter-level travel time spent in this place.
 D = Time resting spent in this place.
 E = Time spent auto-exploring this place.
 F = Levels seen in this place.
 G = Mean time per level.
                   A        B        C        D        E       F      G
               +--------+--------+--------+--------+--------+-----+--------+
         Total |   8484 |   8082 |    402 |     24 |   6557 |  10 |  848.4 |
       Dungeon |   8083 |   7765 |    318 |     19 |   6336 |   9 |  898.1 |
        Temple |    401 |    317 |     84 |      5 |    221 |   1 |  401.0 |
               +--------+--------+--------+--------+--------+-----+--------+

Top non-repeatable levels by time:
     D:1: 1632 daAuts
     D:2: 1486 daAuts
     D:4: 1266 daAuts
     D:6: 838 daAuts
     D:5: 811 daAuts
     D:3: 668 daAuts
     D:7: 630 daAuts
     D:8: 535 daAuts
  Temple: 401 daAuts
     D:9: 214 daAuts
